 Dungeon Crawl Stone Soup version 0.13.0-26-gf7ffa3a (webtiles) character file.

307 M4edhros the Sneak (level 4, 0/29 HPs)
             Began as an Octopode Artificer on Oct 31, 2013.
             Slain by a black bear (4 damage)
             ... on Level 4 of the Dungeon.
             The game lasted 00:04:30 (1586 turns).

M4edhros the Sneak (Octopode Artificer)             Turns: 1586, Time: 00:04:30

HP   0/29        AC  1     Str 10      XL: 4   Next: 85%
MP   6/6         EV 12     Int 15      God:
Gold 200         SH  0     Dex 12      Spells:  0 memorised,  3 levels left

Res.Fire  : . . .   See Invis. : .   a - +0 short sword
Res.Cold  : . . .   Warding    : .   (no shield)
Life Prot.: . . .   Conserve   : .   (helmet restricted)
Res.Poison: .       Res.Corr.  : .   (no amulet)
Res.Elec. : .       Clarity    : .   (no ring)
Sust.Abil.: . .     Spirit.Shd : .   (no ring)
Res.Mut.  : .       Stasis     : .   (no ring)
Res.Rott. : .       Flight     : .   (no ring)
Saprovore : . . .                    (no ring)
                                     (no ring)
                                     (no ring)
                                     (no ring)

@: slightly resistant to hostile enchantments, very stealthy
A: almost no armour, amphibious, 8 rings, constrict 8, camouflage 1, AC +1
a: no special abilities


You were on level 4 of the Dungeon.
You were starving.

You visited 1 branch of the dungeon, and saw 4 of its levels.

You collected 180 gold pieces.

Inventory:

Hand weapons
 a - a +0,+0 short sword (weapon)
Magical devices
 b - a wand of flame (12)
 c - a wand of enslavement (14)
 d - a wand of random effects (9)
Comestibles
 f - 3 bread rations
 n - a meat ration
Scrolls
 e - a scroll of enchant weapon I {unknown}
 g - a scroll of enchant weapon II {unknown}
 h - a scroll of blinking {unknown}
 i - 3 scrolls of identify {unknown}
 l - a scroll of teleportation {unknown}
 m - 2 scrolls of remove curse {unknown}
 r - a scroll of fear {unknown}
 s - 2 scrolls of random uselessness {unknown}
 v - a scroll of magic mapping {unknown}
 x - a scroll of noise {unknown}
Jewellery
 j - an uncursed ring of invisibility {unknown}
 w - an uncursed amulet of the gourmand {unknown}
Potions
 k - a potion of brilliance {unknown}
 o - a potion of mutation {unknown}
 p - a potion of invisibility {unknown}
 q - a potion of heal wounds {unknown}
 t - 2 potions of curing {unknown}
Books
 u - a book of Necromancy

   Spells                             Type                      Level
   Pain                               Necromancy                   1
   Animate Skeleton                   Necromancy                   1
   Lethal Infusion                    Charms/Necromancy            2
   Vampiric Draining                  Necromancy                   3
   Regeneration                       Charms/Necromancy            3
   Animate Dead                       Necromancy                   4
   Control Undead                     Necromancy                   4


   Skills:
 - Level 1.0 Fighting
 - Level 1.0 Short Blades
 - Level 2.0 Dodging
 + Level 6.5 Stealth
 - Level 3.2 Evocations


You had 3 spell levels left.
You didn't know any spells.

Dungeon Overview and Level Annotations

Branches:
Dungeon (4/27)
 Temple: D:4-7

Altars:

Annotations:
D:2 Sigmund


Innate Abilities, Weirdness & Mutations

You cannot wear most types of armour.
You are amphibious.
You can wear up to eight rings at the same time.
You can use your tentacles to constrict many enemies at once.
Your skin changes colour to match your surroundings (Stlth).
Your rubbery body absorbs attacks (AC +1).


Message History

The black bear growls angrily.
The black bear misses you. The black bear barely misses you.
The black bear closely misses you.
You barely miss the black bear. You grab the black bear.
You constrict the black bear. The black bear barely misses you.
The black bear claws you.
You hit the black bear but do no damage.
The black bear is lightly wounded.
You constrict the black bear. The black bear barely misses you.
The black bear claws you.
You hit the black bear but do no damage.
The black bear is lightly wounded.
You constrict the black bear.
You are starving!
The black bear bites you!
* * * LOW HITPOINT WARNING * * *
The black bear claws you.
* * * LOW HITPOINT WARNING * * *
The black bear claws you.
You die...

####
##%.##
#..%.#
#....#
#..U#
#@.#
#.##
#.##
###### #
#..#
#....###
#..#
#.......
##.##
#.......
#..#
#.......
##.##
#.......
##.###
#.......


You could see a black bear.

Vanquished Creatures
  A worker ant (D:3)
  A scorpion (D:4)
  2 adders
  An ooze (D:2)
  An orc (D:4)
  2 ball pythons (D:1)
  6 bats
  A giant cockroach (D:3)
  5 goblins
  7 hobgoblins
  3 giant newts (D:1)
  A kobold (D:1)
  8 rats
39 creatures vanquished.

Notes
Turn   | Place    | Note
--------------------------------------------------------------
     0 | D:1      | M4edhros, the Octopode Artificer, began the quest for the Orb.
     0 | D:1      | Reached XP level 1. HP: 14/14 MP: 1/1
   110 | D:1      | Reached XP level 2. HP: 6/19 MP: 3/3
   842 | D:1      | Reached skill level 4 in Stealth
   953 | D:2      | Noticed Sigmund
   957 | D:2      | Reached XP level 3. HP: 24/24 MP: 4/4
  1102 | D:3      | Reached skill level 5 in Stealth
  1102 | D:3      | Reached XP level 4. HP: 15/29 MP: 6/6
  1270 | D:4      | Reached skill level 6 in Stealth
  1344 | D:4      | Noticed an ogre
  1349 | D:4      | Noticed a swamp drake
  1349 | D:4      | an ogre changed into a swamp drake
  1580 | D:4      | Noticed a black bear
  1586 | D:4      | Slain by a black bear

Action                   |  1- 3 |  4- 6 || total
-------------------------+-------+-------++-------
Melee: Short sword       |    70 |    10 ||    80
Evoke: Wand              |     7 |     3 ||    10
 Stab: Sleeping          |     5 |     1 ||     6
